 Dungeon Crawl Stone Soup version 0.25.0-26-g0c896c7088 (webtiles) character file.

Game seed: 7582220851376504145

3042 protoss039 the Thaumaturge (level 9, -4/49 (52) HPs)
             Began as a Deep Elf Ice Elementalist on July 2, 2020.
             Was a Believer of Kikubaaqudgha.
             Shot with a sling bullet by Joseph (15 damage)
             ... on level 8 of the Dungeon.
             The game lasted 00:29:45 (8944 turns).

protoss039 the Thaumaturge (DEIE)                   Turns: 8944, Time: 00:29:45

HP:   -4/49 (52)    AC:  4    Str:  5    XL:     9   Next: 56%
MP:   17/26         EV: 13    Int: 24    God:    Kikubaaqudgha [**....]
Gold: 386           SH:  0    Dex: 15    Spells: 8/30 levels left

rFire    . . .     SeeInvis .   u - +2 spear (distort)
rCold    . . .     Gourm    .   (no shield)
rNeg     . . .     Faith    .   a - +0 robe
rPois    .         Spirit   .   k - +0 helmet
rElec    .         Reflect  .   x - +0 cloak
rCorr    .         Harm     .   (no gloves)
MR       .....                  (no boots)
Stlth    ++........             (no amulet)
HPRegen  0.16/turn              (no ring)
MPRegen  0.20/turn              (no ring)

@: frozen ramparts, very slightly contaminated, invisible
A: no striking features
a: Receive Corpses, Renounce Religion


You were on level 8 of the Dungeon.
You worshipped Kikubaaqudgha.
Kikubaaqudgha was pleased with you.
You were hungry.

You visited 2 branches of the dungeon, and saw 9 of its levels.

You collected 386 gold pieces.

Inventory:

Hand Weapons
 b - a +0 dagger
 u - a +2 spear of distortion (weapon)
Armour
 a - a +0 robe (worn)
 k - a +0 helmet (worn)
 x - a +0 cloak (worn)
Magical Staves
 F - an uncursed staff of cold {unknown}
Jewellery
 m - an uncursed amulet of guardian spirit
Wands
 p - a wand of random effects (30)
 E - a wand of polymorph (15)
Scrolls
 e - a scroll of amnesia {unknown}
 f - a scroll of teleportation
 g - 3 scrolls of magic mapping
 h - 2 scrolls of immolation
 i - 4 scrolls of remove curse
 t - a scroll of fear {unknown}
 v - a scroll of random uselessness {unknown}
 y - a scroll of acquirement {unknown}
 A - a scroll of fog {unknown}
 C - a scroll of summoning {unknown}
Potions
 j - a potion of flight
 l - 2 potions of magic
 n - a potion of brilliance
 o - 2 potions of resistance
 q - a potion of invisibility
 r - a potion of mutation {unknown}
 s - 4 potions of curing {unknown}
 w - a potion of might {unknown}
 z - a potion of lignification {unknown}
 D - a potion of degeneration {unknown}
Comestibles
 c - 14 rations


   Skills:
 * Level 4.4 Fighting
 - Level 0.2 Polearms
 - Level 2.4 Dodging
 - Level 2.4 Stealth
 + Level 11.1 Spellcasting
 + Level 0.2 Conjurations
 + Level 2.9 Hexes
 + Level 1.8 Charms
 + Level 1.3 Summonings
 * Level 4.1 Necromancy
 + Level 9.1 Ice Magic


You had 8 spell levels left.
You knew the following spells:

 Your Spells              Type           Power        Failure   Level  Hunger
a - Freeze                Ice            ####         1%          1    None
b - Frozen Ramparts       Ice            ######       1%          3    None
c - Ozocubu's Armour      Chrm/Ice       #####...     1%          3    None
d - Hailstorm             Conj/Ice       #####...     7%          4    None
e - Summon Ice Beast      Ice/Summ       #####...     5%          4    None
f - Slow                  Hex            ####....     2%          2    None
g - Sublimation of Blood  Necr           ####......   1%          2    None
h - Vampiric Draining     Necr           ####......   2%          3    None

Your spell library contained the following spells:

 Spells                   Type           Power        Failure   Level  Hunger
 Pain                     Necr           ####         1%          1    None
 Corpse Rot               Necr/Air       N/A          3%          2    None
 Magic Dart               Conj           ##..         4%          1    None
 Call Imp                 Summ           ###.....     4%          2    None
 Blink                    Tloc           N/A          7%          2    None
 Conjure Flame            Conj/Fire      ##......     14%         3    None
 Mephitic Cloud           Conj/Pois/Air  ##......     14%         3    None


Dungeon Overview and Level Annotations

Branches:
Dungeon (8/15)             Temple (1/1) D:5
   Lair: D:8-11

Altars:
Cheibriados
Dithmenos
Kikubaaqudgha
Nemelex Xobeh
Okawaru
Trog
Xom

Shops:
D:8 [

Annotations:
D:3 1 exclusion
D:7 1 exclusion
D:8 Joseph


Message History

The howler monkey closely misses your ice beast.
The ice beast is engulfed in blazing flames.
The ice beast explodes!
The fiery explosion engulfs the howler monkey!!
You kill the howler monkey!
Kikubaaqudgha accepts your kill.
The fiery explosion engulfs your ice beast!!
Your ice beast melts!
Flame seeps out of your ice beast.
Your ice beast is almost dead.
Kikubaaqudgha accepts your kill.
Your ice beast disappears in a puff of smoke!
The wall freezes Joseph.
Flame seeps out of Joseph.
Unknown command.
Unknown command.
Unknown command.
The wall freezes Joseph!
Flame seeps out of Joseph.
Joseph shoots a sling bullet.
The sling bullet hits you!
You die...
Kikubaaqudgha rasps: "You have failed me!
Welcome... death!"

### ##.## #(..## * #(...# *## **
#....## *#.# ,* ##....###..##
**** ##..○......# *** ,*,****
#.@.@....#* ****,** ,+,,,,*
##...§§.## **,,,,,, ,*,**,*
#..§°§##*****,,,,,,,
*****,*#######....#.....,,,,,,,,,
,* *,,,.....#.(.##.....,,,,,,,,,
###******#...#...#.###..,,,,,,,,*
#..#*### #...#.)(.......,,,,,,,,,
....##.###.....##.......,**,,,,,,
#.......##.....#*.......**,,,*,,,


You could see Joseph (inner flame, slow).

Vanquished Creatures
  Pikel (D:4)
  A wyvern (D:7)
  Eustachio (D:4)
  A hungry ghost (D:7)
  Duvessa (D:5)
  An ice beast (D:8)
  3 slaves (D:4)
  A necrophage (D:5)
  A phantom (D:4)
  A centaur (D:5)
  An ogre (D:7)
  3 bullfrogs
  Dowan (D:5)
  A scorpion (D:2)
  3 howler monkeys (D:8)
  A crimson imp (D:6)
  Crazy Yiuf (D:5)
  3 jellies (D:7)
  An orc priest (D:5)
  A centaur skeleton (D:4)
  A hound (D:5)
  8 orc wizards
  2 iguanas
  4 worker ants
  Robin (D:4)
  5 gnolls
  8 adders
  A shadow imp (D:8)
  An adder skeleton (D:4)
  2 dart slugs
  2 leopard geckos
  20 orcs
  8 bats
  5 giant cockroaches
  11 goblins
  7 hobgoblins
  11 jackals
  3 quokkas
  6 frilled lizards
  2 kobolds
  2 quokka skeletons
  A quokka zombie (D:6)
  7 rats
  A fungus (D:5)
147 creatures vanquished.

Vanquished Creatures (collateral kills)
  A hungry ghost (D:8)
  A centaur (D:8)
  A bullfrog (D:7)
  A howler monkey (D:8)
  A crimson imp (D:7)
  An orc priest (D:5)
  An adder (D:7)
  3 orcs (D:8)
  A quokka (D:8)
11 creatures vanquished.

Vanquished Creatures (others)
  A phantom (D:7)
  An ice beast (D:5)
  A crimson imp (D:5)
  A worker ant (D:5)
  A hound zombie (D:5)
  A shadow imp (D:5)
  A worm (D:4)
  A jackal (D:5)
  A quokka (D:6)
9 creatures vanquished.

Grand Total: 167 creatures vanquished

Notes
Turn   | Place    | Note
-------+----------+-------------------------------------------
     0 | D:1      | protoss039 the Deep Elf Ice Elementalist began the quest
                  | for the Orb.
     0 | D:1      | Reached XP level 1. HP: 10/10 MP: 6/6
   454 | D:1      | Found an iron altar of Okawaru.
   456 | D:1      | Found a shadowy altar of Dithmenos.
   456 | D:1      | Found a glowing silver altar of Zin.
   458 | D:1      | Found a sacrificial altar of Ru.
   458 | D:1      | Found a shimmering altar of Xom.
   458 | D:1      | Found a sparkling altar of Nemelex Xobeh.
   508 | D:1      | Reached XP level 2. HP: 16/16 MP: 6/8
   940 | D:1      | Reached skill level 1 in Fighting
  1242 | D:2      | Found a snail-covered altar of Cheibriados.
  1325 | D:1      | Reached skill level 5 in Ice Magic
  1325 | D:1      | Reached XP level 3. HP: 15/20 MP: 4/9
  1333 | D:1      | Learned a level 3 spell: Frozen Ramparts
  1433 | D:2      | Found a bloodstained altar of Trog.
  1646 | D:2      | Found a sparkling altar of Nemelex Xobeh.
  1790 | D:2      | Reached XP level 4. HP: 23/25 MP: 7/11
  1800 | D:2      | Reached skill level 4 in Spellcasting
  1834 | D:2      | Reached XP level 5. HP: 28/30 MP: 5/14
  2362 | D:3      | Reached skill level 5 in Spellcasting
  2902 | D:3      | Found an ancient bone altar of Kikubaaqudgha.
  3149 | D:3      | Became a worshipper of Kikubaaqudgha
  3267 | D:4      | Learned a level 3 spell: Ozocubu's Armour
  3272 | D:4      | Learned a level 4 spell: Hailstorm
  3277 | D:4      | Noticed a slave
  3496 | D:4      | Found a shadowy altar of Dithmenos.
  3571 | D:4      | Noticed Robin
  3579 | D:4      | Reached XP level 6. HP: 25/35 MP: 12/16
  3581 | D:4      | Killed Robin
  3622 | D:4      | Reached skill level 6 in Spellcasting
  3767 | D:4      | Noticed Eustachio
  3785 | D:4      | Killed Eustachio
  3785 | D:4      | Reached XP level 7. HP: 37/40 MP: 13/19
  4004 | D:4      | Reached skill level 7 in Spellcasting
  4174 | D:4      | Noticed Pikel
  4187 | D:4      | Killed Pikel
  4187 | D:4      | Reached skill level 8 in Spellcasting
  4187 | D:4      | Reached XP level 8. HP: 46/46 MP: 16/22
  4488 | D:5      | Entered Level 5 of the Dungeon
  4497 | D:5      | Found an iron altar of Okawaru.
  4506 | D:5      | Reached * piety under Kikubaaqudgha
  4506 | D:5      | Identified Kikubaaqudgha's Incunabulum of Sinister Rites
                  | (Kikubaaqudgha gifted it to you on level 5 of the Dungeon)
  4506 | D:5      | Received a gift from Kikubaaqudgha
  4506 | D:5      | Reached skill level 1 in Charms
  4522 | D:5      | Learned a level 4 spell: Summon Ice Beast
  4525 | D:5      | Learned a level 2 spell: Slow
  4528 | D:5      | Learned a level 2 spell: Sublimation of Blood
  4532 | D:5      | Learned a level 3 spell: Vampiric Draining
  5057 | D:5      | Found a staircase to the Ecumenical Temple.
  5189 | D:5      | Reached skill level 1 in Necromancy
  5216 | D:5      | Reached skill level 9 in Spellcasting
  5345 | D:5      | Noticed Duvessa
  5345 | D:5      | Noticed Dowan
  5377 | D:5      | Killed Duvessa
  5479 | Temple   | Entered the Ecumenical Temple
  5918 | D:5      | Reached skill level 1 in Hexes
  5972 | D:5      | Killed Dowan
  6300 | D:5      | Found a runed translucent door.
  6301 | D:5      | Noticed Crazy Yiuf
  6326 | D:5      | Killed Crazy Yiuf
  6601 | D:6      | Reached skill level 10 in Spellcasting
  6996 | D:6      | Reached ** piety under Kikubaaqudgha
  7151 | D:6      | Reached XP level 9. HP: 49/49 MP: 25/25
  8361 | D:8      | Noticed Joseph
  8512 | D:8      | Reached skill level 11 in Spellcasting
  8609 | D:8      | Reached skill level 1 in Summonings
  8617 | D:8      | Found Sileh's Armour Boutique.
  8944 | D:8      | Shot with a sling bullet by Joseph

Illustrated notes

Levels and vault maps discovered:
D:1:      dpeg_arrival_chambers_temple_mockup, layout_basic, doesnt_xom_only_xom
D:2:      layout_basic, nicolae_overflow_hidden_temple, old_standard_altar,
          lemuel_crystal_altar
D:3:      layout_loops_cross, marbit_many_paths, first_ration
D:4:      layout_basic, nicolae_dithmenos_shadow_blocks, uniq_robin, uniq_pikel,
          uniq_eustachio
D:5:      layout_loops_ring, lemuel_round_altar, temple_doors_e, uniq_duvessa,
          uniq_crazy_yiuf_cottage
D:6:      layout_loops_corners, hangedman_decor_opposing
D:7:      layout_rooms
D:8:      layout_cave_pools, grunt_temple_overflow_gold_and_silver,
          grunt_temple_overflow_diamond, serial_shops, shop, shop,
          kennysheep_mini_moat, shop, shop, uniq_joseph
Temple:   corrupted_temple

Skill      XL: |  1  2  3  4  5  6  7  8  9 |
---------------+----------------------------+-----
Fighting       | 1 2 3 4 |  4.4
Ice Magic      | 5 6 7 8 9 |  9.1
Spellcasting   | 4 5 6 8 10 11 | 11.1
Charms         | 1 |  1.8
Necromancy     | 2 4 |  4.1
Hexes          | 2 |  2.9
Summonings     | 1 |  1.3
Polearms       | |  0.2
Dodging        | |  2.4
Stealth        | |  2.4
Conjurations   | |  0.2

Action                   |  1- 3 |  4- 6 |  7- 9 || total
-------------------------+-------+-------+-------++-------
Melee: Dagger            |    22 |     7 |       ||    29
       Spear             |       |     8 |   137 ||   145
 Cast: Freeze            |    41 |    23 |    11 ||    75
       Frozen Ramparts   |     2 |    12 |    29 ||    43
       Ozocubu's Armour  |       |     1 |    11 ||    12
       Hailstorm         |       |     1 |     3 ||     4
       Slow              |       |       |    21 ||    21
       Summon Ice Beast  |       |       |    15 ||    15
       Sublimation of Bl |       |       |     4 ||     4
  Use: Scroll            |       |       |    10 ||    10
       Potion            |       |       |     1 ||     1
 Stab: Sleeping          |     3 |       |     3 ||     6
       Distracted        |       |       |     1 ||     1
  Eat: Chunk             |     3 |     6 |    20 ||    29
Armor: Robe              |    14 |     9 |    21 ||    44
Dodge: Dodged            |    29 |    26 |    78 ||   133
